Zazza, neutral female human Tourist --------- ------ ------------ ........| |....| |..........| ## .........| |.|..-##########-<.........| # |.........| |....| |....[...|.|########## ####..(......\| -.-.-- -----|----|-# ----|---- # # |.........| ## ######## |_(.....| ##### ---------- ### ### #h..)C..u| # # #### # ###|....@..|#### # # ### # --------- # # #############``######################` ----.- #---.-.---# |.....####### #|(......|# |....| #|........# |.....##############|....`..| |_.>.| --------- --|--- ^ Zazza the Rambler Experience level: 2 Strength: 18/06 Dexterity: 10 Constitution: 15 Intelligence: 14 Wisdom: 9 Charisma: 18 Health: 0(21) Energy: 5(5) Def: 2 Gold: 0 Moves: 2484 Dungeon seed: Fodf64WgxxdP4uPG Game ID: Zazza_1600295685 Your Inventory: Weapons a - 27 +2 darts p - a +0 orcish dagger B - a cursed +0 elven dagger (weapon in hand) Armor e - a blessed +0 Hawaiian shirt (being worn) r - an uncursed +0 pair of speed boots (being worn) N - an uncursed +0 oilskin cloak (being worn) Tools n - an expensive camera (0:38) o - an uncursed credit card z - an uncursed oilskin sack Gems R - an uncursed flint stone Contents of the oilskin sack: 228 gold pieces an uncursed apple an uncursed candy bar 2 uncursed cloves of garlic an uncursed egg 2 uncursed eucalyptus leaves 3 uncursed food rations an uncursed lembas wafer 5 uncursed slime molds 3 uncursed tripe rations a blessed scroll of magic mapping an uncursed ring of free action Spells and supernatural/magical abilities: Name Level Category Fail Memory W - pray for help -- divine ? -- Your skills at the end: Fighting Skills Weapon Skills dart [Basic] Spellcasting Skills Final Attributes: You were stridently aligned. You were telepathic. You were very fast. You are dead. Vanquished creatures: 2 giant ants a little dog a floating eye a kitten a kobold lord 2 dwarf zombies a hobbit a hobgoblin a giant rat 2 yellow molds a red mold a gnome 2 garter snakes 6 geckos a fox a kobold 2 sewer rats 4 grid bugs 4 lichens 2 newts 37 creatures vanquished. Voluntary challenges: You used a wielded weapon 9 times, starting on turn 468. You read items or engraved 9 times, starting on turn 420. You never genocided any monsters. You never polymorphed an object. You never changed form. You used no wishes. You never split a pudding. You wrote Elbereth's name 2 times, starting on turn 1818. You never violated your personal moral code. Dungeon overview: The Dungeons of Doom: levels 1 to 9 Level 1 a long staircase Level 2 an armor shop Level 3 some fountains Level 4 an altar to Offler, some fountains stairs to The Gnomish Mines Level 5 many fountains Level 6 a fountain stairs to Sokoban Level 7 a potion shop, an altar to Offler Level 8 Level 9 <- You were here some altars to The Lady and Offler, a throne The Gnomish Mines: Level 5 stairs to The Dungeons of Doom Sokoban: Level 5 stairs to The Dungeons of Doom History has recorded: On T:1 you entered the Dungeons of Doom to retrieve the Amulet of Yendor! On T:10 you reached level 2 of The Dungeons of Doom. On T:379 you reached level 3 of The Dungeons of Doom. On T:739 you reached level 4 of The Dungeons of Doom. On T:1005 you reached level 1 of The Gnomish Mines. On T:1097 you reached level 5 of The Dungeons of Doom. On T:1329 you reached level 6 of The Dungeons of Doom. On T:1484 you reached level 4 of Sokoban. On T:1528 you reached level 7 of The Dungeons of Doom. On T:1931 you reached level 8 of The Dungeons of Doom. On T:2080 you advanced to experience level 2. On T:2192 you reached level 9 of The Dungeons of Doom. Score breakdown: Gold: 0 ( 0 points) Experience: 2 levels ( 5570 points) Exploration: 9 levels ( 18.75%) (12377 points) Discoveries: 9 items ( 3.02%) ( 5213 points) Valuables value: (no points given unless you survive) Artifact value: 0 ( 0 points) Variety of kills: 20 monsters ( 5.25%) ( 6873 points) Turncount: 2484 turns ( -321 points) Survival: died (score multiplied by 80%) Total score: 23769 Latest messages: You write in the dust with your fingers. The plains centaur turns to flee! The dart hits the plains centaur! The plains centaur shoots a crossbow bolt! You are hit by a crossbow bolt. The dart misses the plains centaur. The dart misses the plains centaur. You miss the plains centaur. The plains centaur swings his crossbow. The plains centaur hits! The plains centaur kicks! You die... Final status: Aloha Zazza the Tourist, killed by a plains centaur... You died in The Dungeons of Doom on dungeon level 9 with 23769 points, and 228 pieces of gold, after 2484 moves. You were level 2 with a maximum of 21 hit points when you died.